 Dungeon Crawl Stone Soup version 0.22.0-38-g04b72b8c25 (webtiles) character file.

25 Honti the Firebug (level 2, -2/22 HPs)
             Began as a Draconian Fire Elementalist on Aug 26, 2018.
             Slain by a gnoll
             ... wielding a +0 flail
              (9 damage)
             ... on level 2 of the Dungeon.
             The game lasted 00:12:23 (939 turns).

Honti the Firebug (Draconian Fire Elementalist)      Turns: 939, Time: 00:12:24

Health: -2/22      AC:  4    Str: 10    XL:     2   Next: 86%
Magic:  4/5        EV: 12    Int: 15    God:
Gold:   107        SH:  0    Dex: 11    Spells: 2/5 levels left

rFire    . . .     SeeInvis .   e - +0 short sword (flame)
rCold    . . .     Gourm    .   (no shield)
rNeg     . . .     Faith    .   (armour unavailable)
rPois    .         Spirit   .   (helmet restricted)
rElec    .         Reflect  .   (no cloak)
rCorr    .         Harm     .   (no gloves)
MR       .....                  (no boots)
Stlth    ++........             (no amulet)
HPRegen  0.07/turn              (no ring)
MPRegen  0.09/turn              (no ring)

@: no status effects
A: unfitting armour, cold-blooded, AC +4
a: no special abilities


You were on level 2 of the Dungeon.
You were hungry.

You visited 1 branch of the dungeon, and saw 2 of its levels.

You collected 107 gold pieces.

Inventory:

Hand Weapons
 e - a +0 short sword of flaming (weapon)
Missiles
 j - 8 tomahawks (quivered)
Jewellery
 g - a +3 ring of strength {unknown}
 h - an uncursed ring of protection from fire {unknown}
Scrolls
 a - a scroll of identify {unknown}
 d - 3 scrolls of remove curse {unknown}
 i - 2 scrolls of teleportation {unknown}
Potions
 f - a potion of mutation {unknown}
Comestibles
 b - a ration


   Skills:
 + Level 0.6 Fighting
 - Level 1.9 Dodging
 - Level 1.7 Stealth
 + Level 2.1 Spellcasting
 * Level 1.5 Conjurations
 * Level 3.5 Fire Magic


You had 2 spell levels left.
You knew the following spells:

 Your Spells              Type           Power        Failure   Level  Hunger
a - Flame Tongue          Conj/Fire      #....        8%          1    #......
b - Throw Flame           Conj/Fire      #.....       12%         2    ###....

Your spell library contained the following spells:

 Spells                   Type           Power        Failure   Level  Hunger
 Conjure Flame            Conj/Fire      #.......     24%         3    ###....
 Inner Flame              Hex/Fire       #.......     32%         3    ###....
 Sticky Flame             Conj/Fire      #.......     61%         4    #####..
 Fireball                 Conj/Fire      #.........   91%         5    ######.


Dungeon Overview and Level Annotations

Branches:
Dungeon (2/15)

Altars:
Qazlal


Innate Abilities, Weirdness & Mutations

Your plain brown scales are hard. (AC +4)
You cannot fit into any form of body armour.
You are cold-blooded and may be slowed by cold attacks.


Message History

Your tail-slap misses the giant cockroach.
The giant cockroach is almost dead.
The giant cockroach bites you but does no damage.
The gnoll hits you but does no damage. The giant cockroach closely misses you.
You hit the giant cockroach. You burn the giant cockroach.
You kill the giant cockroach!
The gnoll misses you.
You hit the gnoll. You burn the gnoll. You tail-slap the gnoll.
The gnoll is heavily wounded.
You are feeling hungry.
The gnoll hits you with a flail! The gnoll hits you but does no damage.
Casting: Flame Tongue (safe; 8% risk of failure)
Confirm with . or Enter, or press ? or * to list all spells.
Aiming: Flame Tongue (safe; 8% risk of failure)
Press: ? - help, Shift-Dir - straight line, f - gnoll
Aim: a gnoll, wielding a flail (heavily wounded)
The flame tongue hits the gnoll.
The gnoll is heavily wounded.
The gnoll hits you with a flail!
You die...

### .. ######## #.
#......#
######.###########.......
.......g@....>..........#
######g###########..##..#
#. ........##..# #.
...####.##... #. .
#.##.≈. #. #.#..≈⌠ #.
#(#..≈. .. #.#....
##......


You could see 2 gnolls.

Vanquished Creatures
  A leopard gecko (D:1)
  2 giant cockroaches (D:2)
  3 goblins
  6 hobgoblins (D:1)
  3 bats
  A frilled lizard (D:2)
  5 kobolds
  A rat (D:1)
22 creatures vanquished.

Notes
Turn   | Place    | Note
-------+----------+-------------------------------------------
     0 | D:1      | Honti the Draconian Fire Elementalist began the quest for the Orb.
     0 | D:1      | Reached XP level 1. HP: 14/14 MP: 3/3
   335 | D:1      | Reached XP level 2. HP: 20/20 MP: 0/5
   774 | D:2      | Found a stormy altar of Qazlal.
   801 | D:2      | Learned a level 2 spell: Throw Flame
   939 | D:2      | Slain by a gnoll

Action                   || total
-------------------------++-------
Melee: Short sword       ||    31
       Unarmed           ||    13
       Tailslap          ||     6
 Cast: Flame Tongue      ||    22
 Stab: Sleeping          ||     2
Armor: Skin              ||    12
Dodge: Dodged            ||    45
